 Seeded DCSS version 0.31-a0-187-gba352fbbf7 (webtiles) character file.

Game seed: 11675102324532518072 (custom seed)

7688 Hubris850 the Cruncher (level 11, 0/61 HPs)
             Began as a Tengu Fire Elementalist on June 22, 2023.
             Was a Believer of Uskayaw.
             Slain by an orc wizard
             ... wielding a +0 dagger
              (4 damage)
             ... on level 11 of the Dungeon.
             The game lasted 00:27:41 (9987 turns).

Hubris850 the Cruncher (Tengu Fire Elementalist)    Turns: 9987, Time: 00:27:42

Health: 0/61       AC: 14    Str: 11    XL:     11   Next: 19%
Magic:  25/25      EV: 16    Int: 30    God:    Uskayaw [**....]
Gold:   1587       SH:  0    Dex: 14    Spells: 6/15 levels left

rFire   . . .        a - +2 lajatang (spect)
rCold   . . .        (shield currently unavailable)
rNeg    . . .        n - +5 ring mail of the Gardener {MP+9 SInv}
rPois   .            (helmet restricted)
rElec   .            A - +0 cloak
rCorr   .            J - +1 pair of gloves
SInv    +            (boots unavailable)
Will    .....        V - amulet of faith
Stlth   +            v - +6 ring of intelligence
HPRegen 0.30/turn    l - +6 ring of intelligence
MPRegen 0.19/turn

%: faith
@: flying quickly and evasively, slowed, very slow
A: beak, talons 3, nimble flight
a: Renounce Religion, Stomp, Line Pass


You were on level 11 of the Dungeon.
You worshipped Uskayaw.
Uskayaw was noncommittal.
You visited 2 branches of the dungeon, and saw 12 of its levels.
You also visited: Sewer.

You collected 1587 gold pieces.

Inventory:

Hand Weapons
 a - a +2 spectral lajatang (weapon)
 q - a +0 whip of flaming
 F - the +8 quarterstaff "Zirrit" {flame, *Rage rN+ Dex+2}
   (You found it on level 5 of the Dungeon)

   Dex:       It affects your dexterity (+2).
   rN:        It protects you from negative energy.
   *Rage:     It berserks you when you make melee attacks (+20% chance).
Missiles
 k - 47 poisoned darts
 B - 2 atropa-tipped darts
 E - 4 javelins
 T - 6 boomerangs
Armour
 f - a +0 robe
 n - the +5 ring mail of the Gardener (worn) {MP+9 SInv}
   (You found it on level 2 of the Dungeon)

   MP:        It affects your magic capacity (+9).
   SInv:      It lets you see invisible.
 p - a +0 pair of gloves
 w - an orb of wrath
 A - a +0 cloak (worn)
 J - a +1 pair of gloves (worn)
Magical Staves
 b - the staff "Neafegg" {Will++ Str+3 Conj}
   (You acquired it on level 2 of the Dungeon)

   [staff of conjuration]

   Base accuracy: +5 Base damage: 5 Base attack delay: 1.2 This weapon's minimum
   attack delay (0.6) is reached at skill level 12.
   Str:       It affects your strength (+3).
   Conj:      It increases the power of your Conjurations spells.
   Will:      It greatly increases your willpower.
   It falls into the 'Staves' category.
   It is a one-handed weapon.
 x - a staff of fire
 y - a staff of death
Jewellery
 l - a +6 ring of intelligence (right hand)
 s - a ring of resist corrosion
 v - a +6 ring of intelligence (left hand)
 D - a ring of ice
 L - a ring of protection from cold
 V - an amulet of faith (around neck)
Wands
 r - a wand of iceblast (9)
 H - a wand of polymorph (14)
 I - a wand of flame (31)
 P - a wand of paralysis (5)
 S - a wand of digging (2)
Scrolls
 c - 3 scrolls of blinking
 d - a scroll of fog
 i - 3 scrolls of revelation
 j - a scroll of butterflies
 t - 4 scrolls of teleportation
 C - 3 scrolls of amnesia
 K - a scroll of poison
 N - a scroll of fear
 Q - 2 scrolls of enchant armour
 R - 2 scrolls of vulnerability
 U - a scroll of silence {unknown}
Potions
 e - 7 potions of curing
 g - 2 potions of magic
 h - 3 potions of attraction
 m - a potion of mutation
 o - 3 potions of heal wounds
 u - 2 potions of lignification
 z - a potion of might
 G - 2 potions of brilliance
 M - 3 potions of haste
 O - a potion of ambrosia


   Skills:
 - Level 4.0 Fighting
 - Level 2.3 Short Blades
 - Level 14.0 Staves
 - Level 4.0 Armour
 - Level 8.0 Dodging
 - Level 2.0 Stealth
 + Level 2.8 Spellcasting
 + Level 3.1 Conjurations
 + Level 4.7 Summonings
 + Level 4.1 Fire Magic
 + Level 0.0 Ice Magic


You had 6 spell levels left.
You knew the following spells:

 Your Spells              Type           Power      Damage    Failure   Level
a - Foxfire               Conj/Fire      100%       2x1d9     3%          1
b - Scorch                Fire           56%        2d7       4%          2
c - Call Canine Familiar  Summ           32%        N/A       7%          3
d - Frozen Ramparts       Ice            8%         1d2       45%         3

Your spell library contained the following spells:

 Spells                   Type           Power      Damage    Failure   Level
 Momentum Strike          Conj/Tloc      26%        3d8       13%         2
 Slow                     Hex            16%        N/A       17%         1
 Inner Flame              Hex/Fire       16%        N/A       22%         3
 Volatile Blastmotes      Fire/Tloc      32%        2d12      22%         3
 Blink                    Tloc           8%         N/A       26%         2
 Cigotuvi's Dreadful Rot  Necr/Pois/Air  8%         N/A       26%         2
 Ensorcelled Hibernation  Hex/Ice        8%         N/A       26%         2
 Lesser Beckoning         Tloc           8%         N/A       26%         2
 Passwall                 Tmut/Erth      3%         N/A       26%         2
 Sublimation of Blood     Necr           4%         N/A       26%         2
 Ignite Poison            Fire/Tmut/Pois 12%        N/A       28%         3
 Flame Wave               Conj/Fire      25%        2d8       36%         4
 Confusing Touch          Hex            4%         N/A       45%         3
 Portal Projectile        Hex/Tloc       8%         N/A       45%         3
 Swiftness                Air            4%         N/A       45%         3
 Vampiric Draining        Necr           4%         2d6       45%         3
 Summon Ice Beast         Ice/Summ       18%        N/A       52%         4
 Iskenderun's Mystic Bla  Conj/Tloc      13%        2d5       65%         4
 Ice Form                 Ice/Tmut       4%         N/A       86%         4
 Leda's Liquefaction      Hex/Erth       2%         N/A       86%         4
 Manifold Assault         Tloc           4%         N/A       86%         4
 Petrify                  Tmut/Erth      4%         N/A       86%         4
 Irradiate                Conj/Tmut      6%         3d13      94%         5
 Freezing Cloud           Conj/Ice/Air   5%         6-21      97%         5
 Summon Cactus Giant      Summ           16%        N/A       98%         6
 Storm Form               Tmut/Air       2%         N/A       100%        7
 Ignition                 Fire           14%        3d6       100%        8


Dungeon Overview and Level Annotations

Branches:
Dungeon (11/15)            Temple (1/1) D:5           Sewer (visited)
   Lair: D:8-11         Orc: D:9-12

Altars:
Ashenzari
Cheibriados
Dithmenos
Elyvilon
Fedhas
Kikubaaqudgha
Nemelex Xobeh
Okawaru
Qazlal
Ru
Sif Muna
Trog
Uskayaw
Wu Jian
Yredelemnul
The Shining One

Shops:
D:6 *

Annotations:
D:6 2 transporters, benadryl's ghost, novice MiFi


Innate Abilities, Weirdness & Mutations

You have a beak for a mouth.
You have claws for feet.
Your magical nature lets you fly swiftly and evasively.


Message History

The hornet is lightly wounded.
Your +2 spectral lajatang completely misses the hornet.
The hornet stings you.
You feel yourself slow down.
The orc wizard casts a spell.
The orc wizard flickers and vanishes for a moment.
The orc barely misses you.
The orc priest hits you but does no damage.
You slash the hornet!
The hornet is heavily wounded.
Your +2 spectral lajatang barely misses the hornet.
You feel less confused. The hornet barely misses you. The hornet stings you.
You feel as though you will be slow longer.
The orc wizard misses you.
The orc wizard points at you and mumbles some strange words.
The magic dart hits you. The orc barely misses you.
The orc priest calls down the wrath of Beogh upon you.
Pain shoots through your body!
You can now pass through a line of other dancers.
You hit the hornet but do no damage. Your kick misses the hornet.
You peck the hornet, but do no damage.
The hornet is heavily wounded.
Your +2 spectral lajatang hits the hornet!
The hornet stings your +2 spectral lajatang!
Your spectral weapon shares its damage with you!
* * * LOW HITPOINT WARNING * * *
The orc wizard hits you but does no damage.
The orc wizard points at you and mumbles some strange words.
You easily resist.
The orc hits you from afar with a +0 trident.
* * * LOW HITPOINT WARNING * * *
The orc priest looks encouraged for a moment.
You miss the hornet. Your kick misses the hornet.
The hornet is almost dead.
Your +2 spectral lajatang misses the hornet.
The hornet stings you!
* * * LOW HITPOINT WARNING * * *
You feel as though you will be slow longer.
The orc wizard hits you with a +0 dagger.
You die...

[.....# .#
.....###).#
#......#..# #
#........ (.
#....(># ...
#......# ....
#.####.#[o..#.....
#........o$o......
######.<.o@y......
#........###.
####"........
#.........
#..####### ##..
#.## #.#


You could see a hornet (ally target), an orc priest, 2 orc wizards, an orc and a
friendly +2 spectral lajatang.

Vanquished Creatures
  3 two-headed ogres
  2 trolls (D:9)
  A hornet (D:10)
  5 yaks (D:8)
  A vampire (D:9)
  Menkaure (D:5)
  2 steam dragons
  A sky beast (D:7)
  2 water moccasins (D:7)
  4 orc warriors
  2 ice beasts
  2 ogres (D:4)
  3 phantoms
  5 kobold brigands
  3 bullfrogs
  5 scorpions
  8 wights (D:7)
  13 killer bees
  2 howler monkeys
  5 orc priests
  3 hounds
  2 iguanas
  6 orc wizards
  20 gnolls
  6 adders
  A shadow imp (D:8)
  2 white imps
  2 worms
  3 dart slugs
  40 orcs
  7 ball pythons
  7 endoplasms
  5 giant cockroaches
  4 goblins
  15 hobgoblins
  8 jackals
  2 quokkas
  6 bats
  8 frilled lizards
  68 kobolds
  9 rats
294 creatures vanquished.

Vanquished Creatures (others)
  An orc wizard (D:7)
  98 foxfires
  A spectral weapon (D:8)
100 creatures vanquished.

Grand Total: 394 creatures vanquished

Notes
Turn   | Place    | Note
-------+----------+-------------------------------------------
     0 | D:1      | Hubris850 the Tengu Fire Elementalist began the quest for
                  | the Orb.
     0 | D:1      | Reached XP level 1. HP: 10/10 MP: 4/4
   200 | D:1      | Reached skill level 1 in Fighting
   200 | D:1      | Reached XP level 2. HP: 16/16 MP: 3/6
   203 | D:1      | Learned a level 2 spell: Scorch
   773 | D:2      | Identified a scroll of acquirement
   773 | D:2      | Acquired the staff "Neafegg" {Will++ Str+3 Conj}
   852 | D:2      | Reached XP level 3. HP: 20/20 MP: 4/7
  1165 | D:2      | Identified the +5 ring mail of the Gardener {MP+9 SInv}
  1301 | D:2      | Found a glowing golden altar of the Shining One.
  1878 | D:3      | Reached XP level 4. HP: 26/26 MP: 8/8
  1888 | D:3      | Reached skill level 1 in Armour
  1985 | D:3      | Noticed an ice beast
  1996 | D:3      | Killed an ice beast
  1997 | D:3      | Gained mutation: Your magical nature lets you fly swiftly
                  | and evasively. [Tengu growth]
  1997 | D:3      | Reached XP level 5. HP: 19/32 MP: 9/9
  2069 | D:3      | Acquired a +2 spectral lajatang
  2163 | D:3      | Reached XP level 6. HP: 33/37 MP: 10/10
  2180 | D:3      | Reached skill level 1 in Staves
  3158 | D:4      | Reached skill level 2 in Staves
  3158 | D:4      | Reached XP level 7. HP: 41/41 MP: 11/11
  3216 | D:4      | Learned a level 3 spell: Call Canine Familiar
  3279 | D:4      | Acquired 840 gold pieces
  3469 | D:4      | Reached skill level 1 in Summonings
  3532 | D:4      | Reached skill level 5 in Dodging
  3748 | D:4      | Reached skill level 3 in Staves
  3968 | D:4      | Reached XP level 8. HP: 29/48 MP: 12/12
  4237 | D:5      | Entered Level 5 of the Dungeon
  4447 | D:5      | Noticed Menkaure
  4452 | D:5      | Killed Menkaure
  4453 | D:5      | Reached skill level 4 in Staves
  4570 | D:5      | Identified the +8 quarterstaff "Zirrit" {flame, *Rage rN+
                  | Dex+2}
  4764 | D:5      | Reached skill level 5 in Staves
  4802 | D:5      | Found a staircase to the Ecumenical Temple.
  4949 | Temple   | Entered the Ecumenical Temple
  5046 | Temple   | Became a worshipper of Uskayaw the Reveller
  5224 | D:6      | Found Vahuib's General Store.
  5276 | D:6      | Reached * piety under Uskayaw
  5285 | D:6      | Reached ** piety under Uskayaw
  5292 | D:6      | Reached *** piety under Uskayaw
  5293 | D:6      | Reached XP level 9. HP: 37/52 MP: 13/13
  5386 | D:6      | Identified the +0 trident of Jaesh {chaos, rPois Str+3}
  5386 | D:6      | Identified the +1 scale mail of the Ageless Mystics {rPois
                  | MP-9 Dex+6 Stlth+}
  5436 | D:6      | Reached skill level 6 in Staves
  5498 | D:6      | Found a transporter.
  5499 | D:6      | Noticed benadryl's ghost (novice MiFi)
  5506 | D:6      | Found a transporter.
  5634 | D:6      | Got Ytueric's Essays on Heated Superposition
  5734 | D:6      | Found a glowing drain.
  5747 | Sewer    | Entered a sewer
  6047 | Sewer    | Reached skill level 7 in Staves
  6680 | D:7      | Reached skill level 8 in Staves
  6851 | D:7      | Reached skill level 9 in Staves
  6853 | D:7      | Reached **** piety under Uskayaw
  7118 | D:7      | Reached skill level 10 in Staves
  7126 | D:7      | Reached XP level 10. HP: 27/56 MP: 14/14
  7662 | D:8      | Reached skill level 11 in Staves
  7665 | D:8      | Reached ***** piety under Uskayaw
  8422 | D:9      | Reached skill level 12 in Staves
  8593 | D:9      | Found a stormy altar of Qazlal.
  8803 | D:9      | Noticed a two-headed ogre
  8810 | D:9      | Killed a two-headed ogre
  8811 | D:9      | Reached skill level 13 in Staves
  9199 | D:10     | Entered Level 10 of the Dungeon
  9331 | D:10     | Paralysed by a hornet for 1 turns
  9478 | D:10     | Reached XP level 11. HP: 61/61 MP: 15/15
  9655 | D:10     | Noticed a two-headed ogre
  9662 | D:10     | Killed a two-headed ogre
  9663 | D:10     | Reached skill level 14 in Staves
  9753 | D:10     | Noticed a two-headed ogre
  9761 | D:10     | Killed a two-headed ogre
  9900 | D:10     | Learned a level 3 spell: Frozen Ramparts
  9987 | D:11     | Slain by an orc wizard

Illustrated notes

Levels and vault maps discovered:
D:1:      elethiomel_arrival_quiet, layout_loops_ring
D:2:      cheibrodos_helix_gallery, layout_basic, basic_altar
D:3:      minmay_goblin_kobold_castle, layout_basic
D:4:      layout_layer_cave
D:5:      nicolae_BIG_FREAKIN_CUBE, layout_rooms, minmay_temple_entry_offerings,
          uniq_menkaure
D:6:      layout_layer_cave, gammafunk_ghost_gnarly_gnolls, serial_shops, shop,
          cheibrodos_sewer_entry_drain
D:7:      layout_loops_corners
D:8:      layout_basic
D:9:      layout_irregular_city, lemuel_round_altar
D:10:     layout_irregular_city, eino_jars
D:11:     layout_basic, david_lair_generic, orc_david_3
Temple:   mainiacjoe_temple_circle_huts

Skill      XL: |  1  2  3  4  5  6  7  8  9 10 11 |
---------------+----------------------------------+-----
Fighting       | 1 2 3 4 |  4.0
Dodging        | 3 4 5 7 8 |  8.0
Armour         | 1 2 3 4 |  4.0
Short Blades   | 2 |  2.3
Staves         | 2 3 5 10 13 14 | 14.0
Summonings     | 2 4 |  4.7
Conjurations   | 3 |  3.1
Fire Magic     | 4 |  4.1
Stealth        | |  2.0
Spellcasting   | |  2.8

Action                     |  1- 3 |  4- 6 |  7- 9 | 10-12 || total
---------------------------+-------+-------+-------+-------++-------
  Melee: Whip              |    27 |    50 |       |       ||    77
         Kick              |     8 |    34 |    63 |    47 ||   152
         Peck              |     5 |    23 |    43 |    20 ||    91
         Staff             |    17 |     8 |       |       ||    25
         Punch             |       |     1 |       |       ||     1
         Lajatang          |       |    98 |   236 |   145 ||   479
   Cast: Foxfire           |    29 |    17 |     9 |     3 ||    58
         Scorch            |     2 |     1 |     2 |     5 ||    10
         Call Canine Famil |       |       |     1 |     1 ||     2
 Invoke: Line Pass         |       |       |       |     1 ||     1
    Use: Scroll            |     7 |     4 |     3 |     9 ||    23
         Potion            |       |       |       |     3 ||     3
   Stab: Sleeping          |     4 |       |     3 |       ||     7
         Paralysed         |       |       |     6 |     8 ||    14
         Distracted        |       |       |     3 |     3 ||     6
 Armour: Robe              |     4 |       |       |       ||     4
         Ring mail         |     5 |    55 |    66 |    61 ||   187
  Dodge: Dodged            |    24 |   104 |   180 |   123 ||   431

Table legend: (Time is in decaauts)
 A = Elapsed time spent in this place.
 B = Non-inter-level travel time spent in this place.
 C = Inter-level travel time spent in this place.
 D = Time resting spent in this place.
 E = Time spent auto-exploring this place.
 F = Levels seen in this place.
 G = Mean time per level.
                   A        B        C        D        E       F      G
               +--------+--------+--------+--------+--------+-----+--------+
         Total |   9461 |   9120 |    341 |    710 |   6682 |  13 |  727.8 |
       Dungeon |   8996 |   8673 |    323 |    572 |   6480 |  11 |  817.8 |
        Temple |    105 |     88 |     17 |      0 |     71 |   1 |  105.0 |
         Sewer |    359 |    359 |      0 |    138 |    130 |   1 |  359.0 |
               +--------+--------+--------+--------+--------+-----+--------+

Top non-repeatable levels by time:
     D:3: 1251 daAuts
     D:7: 1172 daAuts
     D:2: 1147 daAuts
     D:4: 1021 daAuts
     D:5: 791 daAuts
     D:9: 754 daAuts
     D:8: 735 daAuts
     D:1: 719 daAuts
    D:10: 710 daAuts
     D:6: 682 daAuts
   Sewer: 359 daAuts
  Temple: 105 daAuts
    D:11: 9 daAuts
